Map: Deathaura LE

Players

SaveAz - Winner!

  • Race: Terran Terran
  • League: Diamond
  • Spawn Location: 5:00

Massa

  • Race: Terran Terran
  • League: Platinum
  • Spawn Location: 11:00

VOD

Have the link to the VOD?

Description

Time

  • Played on: Jan. 25, 2021, 11:44 a.m.
  • Length: 11:25
Show
View Real Time Build Order
Export as new Build Order

SaveAz Terran - Winner!

Build Orders:  

Get SALT Encoding   

  12  0:00  SCV  
  13  0:12  SCV  
  14  0:17  Supply Depot  
  14  0:24  SCV  
  15  0:38  SCV  
  15  0:40  Barracks  
  16  0:47  Refinery  
  16  0:52  Refinery  
  16  0:53  SCV  
  17  1:05  SCV  
  18  1:17  SCV  
  19  1:28  Reaper  
  19  1:30  Orbital Command  
  19  1:32  Supply Depot  
  20  1:50  Factory  
  20  1:56  SCV  
  21  2:02  Reaper  
  22  2:10  SCV  
  23  2:22  Command Center  
  23  2:25  SCV  
  24  2:34  Reaper, Hellion  
  27  2:40  Starport  
  27  2:46  SCV  
  28  2:56  Hellion  
  30  2:58  SCV  
  30  3:00  Supply Depot  
  31  3:07  Barracks Reactor  
  31  3:18  Starport Reactor  
  31  3:19  Factory Tech Lab  
  31  3:22  SCV  
  32  3:34  SCV  
  31  3:48  Marine  
  31  3:49  Marine  
  32  4:01  Siege Tank  
  35  4:02  Medivac  
  35  4:04  SCV  
  35  4:08  Orbital Command  
  35  4:09  Refinery  
  38  4:10  Barracks  
  38  4:19  Engineering Bay  
  38  4:20  Barracks, Marine x2  
  40  4:25  SCV  
  41  4:33  Siege Tank  
  41  4:34  Medivac  
  41  4:36  SCV  
  41  4:37  SCV  
  48  4:44  Viking  
  50  4:46  Marine x2  
  52  4:54  SCV x2  
  52  4:58  Terran Infantry Weapons Level 1  
  54  5:02  Supply Depot  
  54  5:06  Barracks Tech Lab  
  54  5:14  Supply Depot  
  54  5:23  Marine x3, Medivac  
  54  5:24  SCV  
  59  5:36  Marine  
  59  5:38  Viking  
  59  5:41  SCV x2, Marine  
  65  5:43  Refinery  
  64  5:54  Marine x2  
  64  5:56  Viking  
  68  6:08  SCV x2  
  68  6:10  Stimpack  
  70  6:20  Command Center  
  70  6:24  Barracks Reactor  
  70  6:27  Supply Depot  
  70  6:29  Marine x3, Viking, Siege Tank  
  72  6:46  Marine  
  72  6:47  Marine x2  
  70  7:01  Missile Turret  
  68  7:04  Marine x3  
  68  7:05  SCV  
  68  7:22  Marine x2  
  64  7:34  Marine x3  
  63  7:40  Marine  
  63  7:41  Marauder  
  64  7:52  Marine x2  
  62  8:11  Marine x3  
  61  8:14  SCV x2  
  61  8:26  SCV  
  61  8:27  SCV  
  60  8:33  Medivac  
  60  8:34  Marine x3, Medivac  
  64  8:35  Marauder, Marine  
  64  8:38  SCV  
  64  8:39  SCV  
  72  8:52  Marine x4  
  72  8:53  Orbital Command, Siege Tank  
  72  8:55  SCV  
  80  8:56  Marine  
  81  9:03  Medivac x2  
  80  9:10  Marine  
  80  9:12  Orbital Command  
  79  9:20  Combat Shield  
  79  9:22  SCV  
  79  9:23  SCV  
  81  9:25  Siege Tank  
  84  9:33  Medivac x2  
  84  9:34  SCV  
  89  9:39  SCV  
  89  9:40  Marine x4  
  94  9:47  SCV, Marine  
  94  9:51  SCV  
  97  9:54  Armory  
  97  9:57  SCV  
  97  9:58  Marine x3  
  101  10:03  Missile Turret  
  101  10:19  SCV  
  101  10:21  SCV  
  101  10:42  Missile Turret  
  101  10:43  Supply Depot  
  101  10:46  Supply Depot  
  101  10:49  Barracks  
  101  10:53  Engineering Bay  
  101  10:54  SCV x2  
  101  10:55  SCV  
  101  11:01  Marine  
  101  11:02  Marine  
  101  11:03  Marine x2  
  101  11:04  Marine  
Show
View Real Time Build Order
Export as new Build Order

Massa Terran 

Build Orders:  

Get SALT Encoding   

  12  0:00  SCV  
  13  0:12  SCV  
  14  0:19  Supply Depot  
  14  0:25  SCV  
  15  0:40  SCV  
  15  0:42  Barracks  
  16  0:45  Refinery  
  16  0:52  SCV  
  17  1:04  SCV  
  18  1:16  SCV  
  19  1:29  SCV  
  20  1:41  SCV  
  21  1:51  Barracks Reactor  
  21  1:53  SCV  
  21  1:56  Command Center  
  21  2:00  Supply Depot  
  21  2:08  Factory  
  21  2:14  Orbital Command  
  21  2:30  Marine x2  
  23  2:39  SCV  
  24  2:48  Reaper x2  
  26  2:51  Hellion  
  26  2:58  SCV  
  29  3:00  Refinery  
  29  3:07  Orbital Command  
  29  3:10  SCV  
  30  3:13  Hellion  
  32  3:20  Marine x2  
  32  3:22  SCV  
  32  3:24  Starport  
  34  3:34  SCV  
  34  3:40  Marine x2  
  35  3:46  SCV  
  33  3:59  Hellion, Marine  
  36  4:04  SCV x2  
  36  4:09  Starport Tech Lab  
  38  4:14  Command Center  
  38  4:15  Marine  
  38  4:16  SCV x2  
  41  4:17  Marine  
  42  4:26  Engineering Bay  
  42  4:28  SCV x2  
  44  4:33  Marine  
  44  4:35  Marine  
  46  4:38  Cloaking Field  
  46  4:46  Supply Depot  
  46  4:47  Factory Tech Lab  
  46  4:49  Supply Depot  
  46  4:53  Supply Depot  
  46  4:54  Supply Depot  
  46  5:05  Missile Turret  
  46  5:07  Banshee, Marine x2, SCV x2  
  46  5:08  Missile Turret  
  53  5:17  Refinery, Siege Tank  
  53  5:19  SCV  
  53  5:20  SCV  
  58  5:25  Marine x2  
  59  5:32  SCV  
  60  5:44  SCV x2  
  60  5:49  Marine x2  
  65  5:50  Banshee  
  67  6:04  Barracks  
  67  6:09  Barracks  
  67  6:10  Planetary Fortress  
  67  6:11  Barracks  
  67  6:12  SCV x2  
  69  6:24  SCV x2  
  71  6:33  Banshee  
  71  6:47  Marine x2, Siege Tank  
  57  6:53  SCV x2  
  61  6:57  Missile Turret  
  61  6:58  Barracks Tech Lab  
  61  6:59  Barracks Reactor, Barracks Tech Lab  
  61  7:05  Marine x2  
  63  7:23  Marine x2  
  54  7:31  Combat Shield  
  54  7:33  Stimpack  
  54  7:34  Marine  
  54  7:35  Marauder x2, Marine  
  53  7:41  Marine x2  
  53  7:52  Marine x2  
  53  7:55  Marine  
  53  7:56  Marauder  
  58  7:59  Marine  
  56  8:18  Marauder x2  
  56  8:19  Marine x2  
  59  8:40  Refinery, Marauder x2  
  63  9:01  Marauder x2  
  64  9:19  Factory  
  64  9:22  Banshee  
  67  9:28  SCV x3  
  70  9:34  Refinery  
  70  9:35  Refinery, Concussive Shells  
  70  9:37  Barracks Reactor  
  70  9:40  SCV x3  
  73  9:52  SCV x3  
  76  10:02  Barracks  
  76  10:04  SCV, Barracks  
  76  10:06  Barracks  
  77  10:12  Supply Depot  
  77  10:13  SCV  
  68  10:36  Factory Tech Lab  
  68  10:37  Banshee, Supply Depot  
  70  10:46  Marauder, Marine  
  70  10:47  Marauder, Marine x3  
  78  10:54  Command Center  
  75  11:00  Supply Depot  
  71  11:04  Marine x4  
  71  11:05  Factory Tech Lab  
  63  11:24  Supply Depot  
Tags
 
Matchup
TvT
Race
Terran
Replay Pack
Multiplayer
Spawn Locations
Cross Positions
Add a new tag
Caveats
  • Supply blocks, unpowered buildings, or Contaminate may cause inaccurate times.
  • Supply counts are checked every 10 seconds.